 Dungeon Crawl Stone Soup version 0.28-a0-662-g1651b1f1e0 (webtiles) character file.

Game seed: 18311166680606566013

11886 tilp the Thaumaturge (level 11, -9/85 HPs)
             Began as a Gnoll Hedge Wizard on Oct 14, 2021.
             Was an Elder of Makhleb.
             Mangled by a large abomination (17 damage)
             ... on level 2 of the Abyss.
             The game lasted 00:28:07 (14578 turns).

tilp the Thaumaturge (Gnoll Hedge Wizard)          Turns: 14578, Time: 00:28:08

Health: -9/85      AC: 22    Str: 12    XL:     11   Next: 84%
Magic:  24/24      EV: 11    Int: 17    God:    Makhleb [****..]
Gold:   319        SH:  0    Dex: 12    Spells: 22/29 levels left

rFire   . . .      SeeInvis .   a - +3 quarterstaff (speed)
rCold   . . .      Faith    .   (shield currently unavailable)
rNeg    . . .      Spirit   .   F - +5 scale mail of Incorporation {Str+3}
rPois   .          Reflect  .   M - +0 helmet
rElec   .          Harm     .   L - +2 cloak
rCorr   .          Rampage  .   (no gloves)
Will    .....                   B - +0 pair of boots
Stlth   ++........              (no amulet)
HPRegen 0.00/turn               e - +4 ring of slaying
MPRegen 0.19/turn               H - +4 ring of protection

@: diseased, studying Fighting
A: fangs 1, strong nose, distributed training
a: Renounce Religion, Minor Destruction, Lesser Servant of Makhleb, Major
Destruction


You were on level 2 of the Abyss.
You worshipped Makhleb.
Makhleb was greatly pleased with you.
You visited 1 branch of the dungeon, and saw 10 of its levels.
You visited the Abyss 1 time.

You collected 1357 gold pieces.
You spent 1038 gold pieces at shops.

Inventory:

Hand Weapons
 a - a +3 quarterstaff of speed (weapon)
 b - a +0 hunting sling
 c - a +0 morningstar
 i - a +0 glaive
Missiles
 h - 30 sling bullets
 k - 31 poisoned darts (quivered)
 p - 86 bolts
 q - 168 arrows
 y - 258 stones
 I - 12 boomerangs
 K - 2 curare-tipped darts
Armour
 t - the +2 robe of Indecent Exposure {rC- rN+ Str+3}
   (You found it on level 5 of the Dungeon)

   Str:       It affects your strength (+3).
   rC:        It makes you vulnerable to cold.
   rN:        It protects you from negative energy.
 B - a +0 pair of boots (worn)
 F - the +5 scale mail of Incorporation (worn) {Str+3}
   (You found it on level 6 of the Dungeon)

   Str:       It affects your strength (+3).
 J - a +0 buckler
 L - a +2 cloak (worn)
 M - a +0 helmet (worn)
 N - the +1 leather armour of the Sea {+Blink Regen+ Str+4}
   (You found it on level 7 of the Dungeon)

   Str:       It affects your strength (+4).
   +Blink:    It lets you blink.
   Regen:     It increases your rate of health regeneration.
 O - the +0 scale mail of Zoesel {Will+ Int+2}
   (You found it on level 7 of the Dungeon)

   Int:       It affects your intelligence (+2).
   Will:      It increases your willpower.
Jewellery
 e - a +4 ring of slaying (left hand)
 m - a ring of wizardry
 w - an amulet of faith
 H - a +4 ring of protection (right hand)
Wands
 r - a wand of digging (8)
 z - a wand of mindburst (1)
 A - a wand of iceblast (5)
 G - a wand of flame (17)
Scrolls
 d - a scroll of amnesia
 f - a scroll of teleportation
 l - a scroll of fear
 n - a scroll of fog
 o - a scroll of silence
Potions
 g - 2 potions of resistance
 j - a potion of flight
 s - 2 potions of cancellation
 u - a potion of magic {unknown}
 v - 2 potions of brilliance
 x - a potion of heal wounds
 C - 3 potions of mutation
 D - 5 potions of curing
 E - a potion of attraction {unknown}
 Q - a potion of might
Miscellaneous
 P - a piece from Xom's chessboard (15/15)


   Skills:
 + Level 7.7 Fighting
 + Level 6.6 Short Blades
 + Level 6.6 Long Blades
 + Level 6.6 Axes
 + Level 6.6 Maces & Flails
 + Level 6.6 Polearms
 + Level 6.6 Staves
 + Level 6.6 Slings
 + Level 6.6 Bows
 + Level 6.6 Crossbows
 + Level 6.6 Throwing
 + Level 6.6 Armour
 + Level 8.2 Dodging
 + Level 8.0 Stealth
 + Level 6.6 Shields
 + Level 6.6 Unarmed Combat
 + Level 9.9 Spellcasting
 + Level 6.0 Conjurations
 + Level 5.5 Hexes
 + Level 6.0 Summonings
 + Level 5.5 Necromancy
 + Level 6.0 Translocations
 + Level 5.5 Transmutations
 + Level 5.5 Fire Magic
 + Level 5.5 Ice Magic
 + Level 5.5 Air Magic
 + Level 5.5 Earth Magic
 + Level 5.5 Poison Magic
 + Level 7.3 Invocations
 + Level 6.6 Evocations


You had 22 spell levels left.
You knew the following spells:

 Your Spells              Type           Power      Damage    Failure   Level
a - Magic Dart            Conj           100%       1d8       3%          1
b - Call Imp              Summ           28%        N/A       4%          2
c - Blink                 Tloc           N/A        N/A       4%          2
d - Slow                  Hex            27%        N/A       6%          2

Your spell library contained the following spells:

 Spells                   Type           Power      Damage    Failure   Level
 Lesser Beckoning         Tloc           28%        N/A       10%         3
 Conjure Flame            Conj/Fire      28%        6-21      11%         3
 Mephitic Cloud           Conj/Pois/Air  27%        N/A       11%         3
 Ozocubu's Armour         Ice            27%        N/A       12%         3
 Animate Armour           Summ/Erth      56%        N/A       34%         4
 Manifold Assault         Tloc           28%        N/A       65%         5
 Iron Shot                Conj/Erth      14%        9d4       99%         6
 Ozocubu's Refrigeration  Ice            13%        4d7       100%        7
 Ignition                 Fire           13%        3d6       100%        8


Dungeon Overview and Level Annotations

Branches:
Dungeon (10/15)            Temple (0/1) D:5             Orc (0/2) D:9
   Lair: D:8-11

Altars:
Cheibriados
Dithmenos
Hepliaklqana
Makhleb
Nemelex Xobeh
Qazlal
Sif Muna
Trog
Uskayaw
Xom
Yredelemnul

Shops:
D:1 *   D:3 :

Annotations:
D:6 1 runed translucent door, nago's ghost, novice DjWn
D:10 Josephine


Innate Abilities, Weirdness & Mutations

You have very sharp teeth.
Your uncanny sense of smell can sniff out nearby items.
Your experience applies equally to all skills.


Message History

a - a +3 quarterstaff of speed (weapon)
You start resting.
A harpy skeleton comes into view.
A large abomination comes into view.
An ancient zyme comes into view.
A small abomination comes into view.
You feel yourself growing ill in the presence of the ancient zyme.
You feel ill.
Aiming: Iceblast
Press: ? - help, Shift-Dir - straight line, f - large abomination
Aim: a large abomination The mass of ice explodes!
The iceblast engulfs the large abomination!!
The large abomination is heavily damaged.
The iceblast engulfs the ancient zyme!
The ancient zyme is moderately damaged.
Something shouts, "Return whence thou came, thou spongy fool-born vassal!"
Unknown command.
You hit the large abomination.
The large abomination is heavily damaged.
You hit the large abomination.
The large abomination is severely damaged.
The large abomination hits you!!
You hit the large abomination but do no damage.
Your bite misses the large abomination.
The large abomination is severely damaged.
You hit the large abomination.
The large abomination is severely damaged.
The large abomination hits you.
You hit the large abomination.
You bite the large abomination, but do no damage.
The large abomination is severely damaged.
You hit the large abomination.
The large abomination is severely damaged.
The large abomination hits you!!
* * * LOW HITPOINT WARNING * * *
You hit the large abomination.
The large abomination is almost destroyed.
The large abomination hits you!
You die...

#....#..#..#........#
#.. #.# .. ##.# ....
# #. #. .. # .# .....
.#. ...# #.##...#
....# ## ###. .# .. .
# .. ##. ##..# #... .
#..# #####x# # ##
#.#X## #@#......#
#..##.#.## ##.# # #.
.. #.# ##


You could see an ancient zyme and a large abomination.

Vanquished Creatures
  A great orb of eyes (D:9)
  2 two-headed ogres (D:9)
  A deep elf pyromancer (D:9)
  An ugly thing (D:9)
  A cyclops (D:9)
  A water nymph (shapeshifter) (D:9)
  A smoke demon (Abyss:2)
  2 ancient zymes (Abyss:2)
  2 kobold demonologists (D:9)
  A troll (D:9)
  A hornet (D:6)
  A slime creature (D:9)
  2 shadows (D:9)
  A small abomination (Abyss:2)
  A vampire (D:9)
  A wyvern (D:9)
  A wraith (D:9)
  2 chaos spawn (Abyss:2)
  3 steam dragons
  A water moccasin (D:6)
  An ice beast (D:8)
  7 orc warriors
  5 sky beasts
  4 ogres (D:6)
  3 black bears
  A necrophage (D:5)
  7 centaurs
  2 kobold brigands
  3 bullfrogs
  2 scorpions
  A gnoll sergeant (D:9)
  A water moccasin zombie (D:6)
  A water moccasin skeleton (D:6)
  6 killer bees
  9 wights
  A howler monkey (D:9)
  2 hounds
  A quasit (Abyss:2)
  3 jellies
  A bullfrog skeleton (D:4)
  3 centaur zombies
  A gnoll shaman (D:8)
  4 orc priests
  4 bullfrog zombies
  A centaur skeleton (D:6)
  Natasha (thrice) (D:2)
  12 orc wizards
  4 killer bee zombies
  4 howler monkey zombies
  8 gnolls
  2 howler monkey skeletons
  6 adders
  2 shadow imps
  2 white imps (D:6)
  An adder zombie (D:5)
  3 dart slugs
  33 orcs
  5 ball pythons
  8 endoplasms
  4 giant cockroaches
  9 hobgoblins
  2 jackals (D:1)
  3 quokkas
  4 bats
  3 frilled lizards (D:1)
  7 goblins
  10 kobolds
  7 rats
243 creatures vanquished.

Vanquished Creatures (others)
  An orc wizard (D:8)
  A gnoll (D:8)
  3 plants (D:9)
5 creatures vanquished.

Grand Total: 248 creatures vanquished

Notes
Turn   | Place    | Note
-------+----------+-------------------------------------------
     0 | D:1      | tilp the Gnoll Hedge Wizard began the quest for the Orb.
     0 | D:1      | Reached XP level 1. HP: 13/13 MP: 8/8
   182 | D:1      | Found a faded altar of an unknown god.
   233 | D:1      | Reached XP level 2. HP: 19/19 MP: 6/10
   304 | D:1      | Learned a level 2 spell: Call Imp
   307 | D:1      | Learned a level 2 spell: Blink
   310 | D:1      | Learned a level 2 spell: Slow
   807 | D:1      | Reached XP level 3. HP: 25/25 MP: 6/11
  1220 | D:1      | Found Raog Xare's Assorted Antiques.
  1571 | D:2      | Reached skill level 1 in Invocations
  1690 | D:2      | Noticed Natasha
  1707 | D:2      | Killed Natasha
  1708 | D:2      | Reached skill level 1 in Fighting
  1708 | D:2      | Reached skill level 1 in Short Blades
  1708 | D:2      | Reached skill level 1 in Long Blades
  1708 | D:2      | Reached skill level 1 in Axes
  1708 | D:2      | Reached skill level 1 in Maces & Flails
  1708 | D:2      | Reached skill level 1 in Polearms
  1708 | D:2      | Reached skill level 1 in Staves
  1708 | D:2      | Reached skill level 1 in Slings
  1708 | D:2      | Reached skill level 1 in Bows
  1708 | D:2      | Reached skill level 1 in Crossbows
  1708 | D:2      | Reached skill level 1 in Throwing
  1708 | D:2      | Reached skill level 1 in Armour
  1708 | D:2      | Reached skill level 1 in Shields
  1708 | D:2      | Reached skill level 1 in Unarmed Combat
  1708 | D:2      | Reached skill level 1 in Evocations
  1708 | D:2      | Reached XP level 4. HP: 29/32 MP: 13/13
  1853 | D:2      | Reached skill level 1 in Hexes
  1853 | D:2      | Reached skill level 1 in Necromancy
  1853 | D:2      | Reached skill level 1 in Transmutations
  1853 | D:2      | Reached skill level 1 in Fire Magic
  1853 | D:2      | Reached skill level 1 in Ice Magic
  1853 | D:2      | Reached skill level 1 in Air Magic
  1853 | D:2      | Reached skill level 1 in Earth Magic
  1853 | D:2      | Reached skill level 1 in Poison Magic
  2087 | D:2      | Noticed Natasha
  2091 | D:2      | Killed Natasha
  2092 | D:2      | Reached XP level 5. HP: 30/37 MP: 14/14
  2160 | D:2      | Noticed Natasha
  2164 | D:2      | Killed Natasha
  2462 | D:1      | Bought 2 scrolls labelled HEXIOXKULUPS for 46 gold pieces
  2462 | D:1      | Bought a scroll labelled DUUNID ZI ATHO for 23 gold pieces
  2814 | D:3      | Found Mycinokk's Book Boutique.
  2936 | D:3      | Found a burning altar of Makhleb.
  2947 | D:3      | Became a worshipper of Makhleb the Destroyer
  3031 | D:3      | Found a stormy altar of Qazlal.
  3066 | D:3      | Got the Incunabulum of Earthen Ignition
  3565 | D:1      | Bought a scroll labelled KEFRECZALIL for 23 gold pieces
  3771 | D:4      | Reached XP level 6. HP: 44/44 MP: 16/16
  3772 | D:4      | Noticed a black bear
  3933 | D:4      | Reached skill level 5 in Dodging
  4275 | D:4      | Found a hide-covered altar of Uskayaw.
  4275 | D:4      | Noticed a +0 dagger
  4277 | D:4      | Noticed a +0 short sword
  4278 | D:4      | Noticed a +0 spear
  4278 | D:4      | Noticed a +0 falchion
  4278 | D:4      | Noticed a +0 falchion
  4279 | D:4      | Noticed a +0 spear
  4279 | D:4      | Noticed a +0 short sword
  4280 | D:4      | Noticed a +0 dagger
  4362 | D:4      | Killed a black bear
  4540 | D:1      | Bought a scroll labelled OTINACIAGO for 23 gold pieces
  4540 | D:1      | Bought a bubbling coppery potion for 20 gold pieces
  4540 | D:1      | Bought a scroll labelled ZELUNLOOXKY for 23 gold pieces
  4667 | D:5      | Entered Level 5 of the Dungeon
  4692 | D:5      | Reached * piety under Makhleb
  4829 | D:5      | Reached XP level 7. HP: 45/50 MP: 18/18
  4875 | D:5      | Identified the +2 robe of Indecent Exposure {rC- rN+ Str+3}
  5456 | D:5      | Found a staircase to the Ecumenical Temple.
  5733 | D:5      | Reached skill level 5 in Stealth
  6031 | D:6      | Reached XP level 8. HP: 45/55 MP: 19/19
  7073 | D:6      | Reached skill level 8 in Spellcasting
  7139 | D:6      | Found a shimmering altar of Xom.
  7140 | D:6      | Identified the +5 scale mail of Incorporation {Str+3}
  7397 | D:6      | Reached ** piety under Makhleb
  7434 | D:6      | Found a runed translucent door.
  7434 | D:6      | Noticed nago's ghost (novice DjWn)
  7942 | D:6      | Reached XP level 9. HP: 53/65 MP: 21/21
  8732 | D:6      | Reached skill level 5 in Invocations
  9304 | D:7      | Noticed a hornet
  9310 | D:6      | Paralysed by a hornet for 3 turns
  9315 | D:6      | Killed a hornet
  9588 | D:7      | Reached XP level 10. HP: 73/73 MP: 22/22
  9613 | D:7      | Identified the +0 scale mail of Zoesel {Will+ Int+2}
  9613 | D:7      | Identified the +1 leather armour of the Sea {+Blink Regen+
                  | Str+4}
  9626 | D:7      | Found a basalt altar of Yredelemnul.
  9644 | D:7      | Reached *** piety under Makhleb
  9709 | D:7      | Found a sparkling altar of Nemelex Xobeh.
  9787 | D:7      | Found a bloodstained altar of Trog.
 10031 | D:7      | Found a snail-covered altar of Cheibriados.
 10498 | D:8      | Reached skill level 5 in Fighting
 10498 | D:8      | Reached skill level 5 in Short Blades
 10498 | D:8      | Reached skill level 5 in Long Blades
 10498 | D:8      | Reached skill level 5 in Axes
 10498 | D:8      | Reached skill level 5 in Maces & Flails
 10498 | D:8      | Reached skill level 5 in Polearms
 10498 | D:8      | Reached skill level 5 in Staves
 10498 | D:8      | Reached skill level 5 in Slings
 10498 | D:8      | Reached skill level 5 in Bows
 10498 | D:8      | Reached skill level 5 in Crossbows
 10498 | D:8      | Reached skill level 5 in Throwing
 10498 | D:8      | Reached skill level 5 in Armour
 10498 | D:8      | Reached skill level 5 in Shields
 10498 | D:8      | Reached skill level 5 in Unarmed Combat
 10498 | D:8      | Reached skill level 5 in Evocations
 10648 | D:8      | You fall into a shaft and drop 2 floors!
 10648 | D:10     | Entered Level 10 of the Dungeon
 10648 | D:10     | Noticed Josephine
 11001 | D:9      | Reached skill level 9 in Spellcasting
 11261 | D:8      | Found a shimmering blue altar of Sif Muna.
 11360 | D:8      | Reached skill level 5 in Conjurations
 11360 | D:8      | Reached skill level 5 in Summonings
 11360 | D:8      | Reached skill level 5 in Translocations
 11635 | D:8      | Identified the +1 ring mail "Buver" {Harm rElec Int-4
                  | Dex+8}
 11950 | D:8      | Identified a scroll of acquirement
 11950 | D:8      | Acquired 854 gold pieces
 12054 | D:3      | Bought a manual of Fighting for 880 gold pieces
 12130 | D:9      | Noticed a kobold demonologist
 12147 | D:9      | Killed a kobold demonologist
 12337 | D:9      | Noticed a two-headed ogre
 12408 | D:9      | Upgraded the game from 0.28-a0-657-g71136c5590 to
                  | 0.28-a0-662-g1651b1f1e0
 12426 | D:9      | Found a shadowy altar of Dithmenos.
 12427 | D:9      | Found a hazy altar of Hepliaklqana.
 12465 | D:9      | Found a staircase to the Orcish Mines.
 12547 | D:9      | Noticed a kobold demonologist
 12583 | D:9      | Killed a two-headed ogre
 12635 | D:9      | Reached XP level 11. HP: 75/81 MP: 24/24
 13356 | D:9      | Reached skill level 5 in Hexes
 13356 | D:9      | Reached skill level 5 in Necromancy
 13356 | D:9      | Reached skill level 5 in Transmutations
 13356 | D:9      | Reached skill level 5 in Fire Magic
 13356 | D:9      | Reached skill level 5 in Ice Magic
 13356 | D:9      | Reached skill level 5 in Air Magic
 13356 | D:9      | Reached skill level 5 in Earth Magic
 13356 | D:9      | Reached skill level 5 in Poison Magic
 13380 | D:9      | Noticed an orb spider
 13380 | D:9      | Noticed a cyclops
 13380 | D:9      | Noticed a deep elf pyromancer
 13384 | D:9      | Noticed a white ugly thing
 13384 | D:9      | Noticed a great orb of eyes
 13389 | D:9      | Noticed a two-headed ogre
 13406 | D:9      | Killed a great orb of eyes
 13411 | D:9      | Killed a cyclops
 13419 | D:9      | Killed a white ugly thing
 13439 | D:9      | Killed a two-headed ogre
 13441 | D:9      | Killed a deep elf pyromancer
 13441 | D:9      | Reached **** piety under Makhleb
 13908 | D:9      | Noticed a deep troll
 13908 | D:9      | Noticed a wizard
 13928 | D:9      | Cast into level 2 of the Abyss (a wizard)
 13966 | Abyss:2  | Noticed a starcursed mass
 13983 | Abyss:2  | Noticed a thrashing horror
 13986 | Abyss:2  | Noticed a thrashing horror
 14180 | Abyss:2  | Noticed a large abomination
 14432 | Abyss:2  | Noticed a sun demon
 14453 | Abyss:2  | Noticed a lich
 14578 | Abyss:2  | Mangled by a large abomination

Illustrated notes

Levels and vault maps discovered:
D:1:      mrwooster_arrival_statue, layout_basic,
          hellmonk_ecumenical_altar_slurped_away, serial_shops,
          nicolae_shop_statue_plus
D:2:      layout_loops_ring, uniq_natasha
D:3:      layout_loops_corners, old_standard_altar, bloody_makhleb,
          serial_shops, shop
D:4:      layout_rooms, nicolae_uskayaw_en_pointe
D:5:      layout_basic, minmay_temple_entry_nine_rooms
D:6:      minmay_chambers_of_threes, layout_loops_ring, old_standard_altar,
          ebering_ghost_inner_flame, minmay_misc_feat_encased
D:7:      layout_cave_pools, nicolae_yredelemnul_corpse_copse,
          mainiacjoe_overflow_catwalk_spiral, mainiacjoe_overflow_alcove_4,
          minmay_misc_feat_enclosed
D:8:      layout_loops_ring, kennysheep_mini_moat, st_stairs_9
D:9:      nzn_winding_woodlands_stair_cross
          [nzn_winding_woodlands_5x15_lazy_stream,
          nzn_winding_woodlands_center_diamonds,
          nzn_winding_woodlands_5x15_default, nzn_winding_woodlands_5x5_three,
          nzn_winding_woodlands_hourglass,
          nzn_winding_woodlands_5x15_river_crossing,
          nzn_winding_woodlands_center_pierced_h,
          nzn_winding_woodlands_5x15_eye], layout_cave_pools,
          riverfiend_overflow_shadow_ancestor, david_orc_3, grunt_ministairs_2
D:10:     minmay_smoke_and_mirrors, layout_loops_corners, fedhas_altar_4,
          elyvilon_altar_4, dpeg_lair_monsters, enter_trove_3,
          minmay_crystal_water, uniq_josephine
Abyss:2:  base: D:6, evilmike_abyss_exit_7, evilmike_abyss_exit_12

Skill      XL: |  1  2  3  4  5  6  7  8  9 10 11 |
---------------+----------------------------------+-----
Conjurations   | 2 3 4 5 6 |  6.0
Summonings     | 2 3 4 5 6 |  6.0
Translocations | 2 3 4 5 6 |  6.0
Invocations    | 1 2 3 4 5 6 7 |  7.3
Fighting       | 1 2 3 4 6 7 |  7.7
Short Blades   | 1 2 3 4 5 6 |  6.6
Long Blades    | 1 2 3 4 5 6 |  6.6
Axes           | 1 2 3 4 5 6 |  6.6
Maces & Flails | 1 2 3 4 5 6 |  6.6
Polearms       | 1 2 3 4 5 6 |  6.6
Staves         | 1 2 3 4 5 6 |  6.6
Slings         | 1 2 3 4 5 6 |  6.6
Bows           | 1 2 3 4 5 6 |  6.6
Crossbows      | 1 2 3 4 5 6 |  6.6
Throwing       | 1 2 3 4 5 6 |  6.6
Armour         | 1 2 3 4 5 6 |  6.6
Shields        | 1 2 3 4 5 6 |  6.6
Unarmed Combat | 1 2 3 4 5 6 |  6.6
Evocations     | 1 2 3 4 5 6 |  6.6
Hexes          | 1 2 3 4 5 |  5.5
Necromancy     | 1 2 3 4 5 |  5.5
Transmutations | 1 2 3 4 5 |  5.5
Fire Magic     | 1 2 3 4 5 |  5.5
Ice Magic      | 1 2 3 4 5 |  5.5
Air Magic      | 1 2 3 4 5 |  5.5
Earth Magic    | 1 2 3 4 5 |  5.5
Poison Magic   | 1 2 3 4 5 |  5.5
Dodging        | 5 6 7 8 |  8.2
Stealth        | 5 6 7 8 |  8.0
Spellcasting   | 8 9 |  9.9

Action                   |  1- 3 |  4- 6 |  7- 9 | 10-12 || total
-------------------------+-------+-------+-------+-------++-------
Melee: Dagger            |     2 |       |       |       ||     2
       Whip              |       |    46 |    41 |       ||    87
       Bite              |       |     2 |    14 |    32 ||    48
       Punch             |       |     1 |       |       ||     1
       Trident           |       |       |    35 |       ||    35
       Quarterstaff      |       |       |   138 |   369 ||   507
 Fire: Hunting sling     |    18 |   108 |   157 |   210 ||   493
Throw: Dart              |       |       |       |     3 ||     3
       Boomerang         |       |       |       |     1 ||     1
 Cast: Magic Dart        |    71 |       |       |       ||    71
       Blink             |       |       |     1 |     1 ||     2
       Slow              |       |       |       |     4 ||     4
Invok: Lesser Servant of |       |       |       |     1 ||     1
Evoke: Wand              |       |     1 |     6 |    12 ||    19
  Use: Scroll            |     2 |     9 |     1 |    14 ||    26
       Potion            |       |       |     2 |     1 ||     3
 Stab: Sleeping          |     2 |       |       |     1 ||     3
Armor: Scale mail        |     2 |    23 |   118 |   225 ||   368
Dodge: Dodged            |     8 |    30 |    97 |   184 ||   319
Block: Buckler           |       |       |       |     7 ||     7

Table legend: (Time is in decaauts)
 A = Elapsed time spent in this place.
 B = Non-inter-level travel time spent in this place.
 C = Inter-level travel time spent in this place.
 D = Time resting spent in this place.
 E = Time spent auto-exploring this place.
 F = Levels seen in this place.
 G = Mean time per level.
                   A        B        C        D        E       F      G
               +--------+--------+--------+--------+--------+-----+--------+
         Total |  14383 |  13329 |   1054 |   2661 |   8143 |  11 | 1307.5 |
       Dungeon |  13759 |  12705 |   1054 |   2331 |   8124 |  10 | 1375.9 |
         Abyss |    623 |    623 |      0 |    330 |     19 |   1 |  623.0 |
               +--------+--------+--------+--------+--------+-----+--------+

Top non-repeatable levels by time:
     D:6: 3061 daAuts
     D:9: 1982 daAuts
     D:1: 1711 daAuts
     D:5: 1645 daAuts
     D:3: 1228 daAuts
     D:8: 1198 daAuts
     D:7: 1091 daAuts
     D:2: 1043 daAuts
     D:4: 741 daAuts
 Abyss:2: 623 daAuts
    D:10: 57 daAuts
